TOP OF THE 1ST |
Key West Barracudas batting - Pitching for BlackIron Dragons : RHP Bill McKinney
|
Pitching: RHP Bill McKinney
|
|
Batting: RHB Júlio Cruz
|
0-0: Bunt missed! 0-1: Ball 1-1: SINGLE (Flyball, 8LS)
|
Batting: RHB Zander Tremblett
|
0-0: Ball 1-0: Swinging Strike 1-1: Ball 2-1: Foul Ball, location: 2F 2-2: Ball 3-2: 2-RUN HOME RUN (Line Drive, 7D), Distance : 428 ft
|
Batting: RHB Carlos Miranda
|
0-0: Called Strike 0-1: Foul Ball, location: 2F 0-2: Strikes out looking
|
Batting: SHB Héctor Jiménez
|
0-0: Called Strike 0-1: Ground out 5-3 (Groundball, 5S)
|
Batting: RHB Luther Stoffels
|
0-0: Foul Ball, location: 2F 0-1: Ball 1-1: Called Strike 1-2: SINGLE (Groundball, 25) (infield hit)
|
Batting: LHB Jake Wells
|
0-0: Called Strike Luther Stoffels steals 2nd base 0-1: Called Strike 0-2: Foul Ball, location: 2F 0-2: Strikes out swinging
|
Top of the 1st over - 2 run(s), 3 hit(s), 0 error(s), 1 left on base; Key West 2 - BlackIron 0 |
BOTTOM OF THE 1ST |
BlackIron Dragons batting - Pitching for Key West Barracudas : LHP Lynn White
|
Pitching: LHP Lynn White
|
|
Batting: RHB Gil Palmer
|
0-0: Called Strike 0-1: SOLO HOME RUN (Flyball, 78XD), Distance : 426 ft
|
Batting: RHB Joaquín Rosales
|
0-0: Ball 1-0: Ball 2-0: Bunt for hit - play at first, batter OUT! 1-3
|
Batting: RHB José Colón
|
0-0: Ball 1-0: Called Strike 1-1: Fly out, F8 (Flyball, 8RM)
|
Batting: RHB Leroy Jamison
|
0-0: Ball 1-0: Ball 2-0: Ball 3-0: Called Strike 3-1: Foul Ball, location: 2F 3-2: Fly out, F8 (Flyball, 78M)
|
Bottom of the 1st over - 1 run(s), 1 hit(s), 0 error(s), 0 left on base; Key West 2 - BlackIron 1 |
TOP OF THE 2ND |
Key West Barracudas batting - Pitching for BlackIron Dragons : RHP Bill McKinney
|
Batting: RHB Kenny Cole
|
0-0: Called Strike 0-1: Ground out 4-3 (Groundball, 4)
|
Batting: RHB Ramiro Gámez
|
0-0: Called Strike 0-1: Ground out 1-3 (Groundball, 13S)
|
Batting: LHB Motoki Hirata
|
0-0: Ball 1-0: Called Strike 1-1: Foul Ball, location: 2F 1-2: Fly out, F7 (Flyball, 7M)
|
Top of the 2nd over - 0 run(s), 0 hit(s), 0 error(s), 0 left on base; Key West 2 - BlackIron 1 |
BOTTOM OF THE 2ND |
BlackIron Dragons batting - Pitching for Key West Barracudas : LHP Lynn White
|
Batting: RHB Edgardo Carrasco
|
0-0: Called Strike 0-1: Ball 1-1: Foul Ball, location: 2F 1-2: TRIPLE (Line Drive, 8RM)
|
Batting: RHB Eugene Payne
|
0-0: DOUBLE (Line Drive, 5L) Edgardo Carrasco scores
|
Batting: SHB Rick Turner
|
0-0: Called Strike 0-1: Foul Ball, location: 2F 0-2: Ball 1-2: Foul Ball, location: 2F 1-2: Ground out 3-1 (Groundball, 3) Eugene Payne to third
|
Batting: LHB Donnie Cunningham
|
0-0: Foul Ball, location: 2F 0-1: Ball 1-1: Ground out 6-3 (Groundball, 6M) Eugene Payne scores
|
Batting: RHB Alfredo Rangel
|
0-0: Called Strike 0-1: Ball 1-1: SINGLE (Groundball, 56D)
|
Batting: RHB Gil Palmer
|
0-0: Called Strike 0-1: Ball 1-1: Fielders Choice at 2nd, U4 (Groundball, 4M)
|
Bottom of the 2nd over - 2 run(s), 3 hit(s), 0 error(s), 1 left on base; Key West 2 - BlackIron 3 |
TOP OF THE 3RD |
Key West Barracudas batting - Pitching for BlackIron Dragons : RHP Bill McKinney
|
Batting: RHB Júlio Cruz
|
0-0: Bunt for hit - play at first, batter OUT! 5-3
|
Batting: RHB Zander Tremblett
|
0-0: Called Strike 0-1: Called Strike 0-2: Strikes out looking
|
Batting: RHB Carlos Miranda
|
0-0: Called Strike 0-1: Fly out, F9 (Line Drive, 89D)
|
Top of the 3rd over - 0 run(s), 0 hit(s), 0 error(s), 0 left on base; Key West 2 - BlackIron 3 |
BOTTOM OF THE 3RD |
BlackIron Dragons batting - Pitching for Key West Barracudas : LHP Lynn White
|
Batting: RHB Joaquín Rosales
|
0-0: Ground out 1-3 (Groundball, 13)
|
Batting: RHB José Colón
|
0-0: Called Strike 0-1: Ball 1-1: Foul Ball, location: 2F 1-2: Strikes out swinging
|
Batting: RHB Leroy Jamison
|
0-0: Ball 1-0: Ball 2-0: Ball 3-0: Base on Balls
|
Batting: RHB Edgardo Carrasco
|
0-0: Called Strike 0-1: Ball 1-1: Foul Ball, location: 2F 1-2: Ball 2-2: Ball 3-2: Fly out, F8 (Flyball, 8LXD)
|
Bottom of the 3rd over - 0 run(s), 0 hit(s), 0 error(s), 1 left on base; Key West 2 - BlackIron 3 |
TOP OF THE 4TH |
Key West Barracudas batting - Pitching for BlackIron Dragons : RHP Bill McKinney
|
Batting: SHB Héctor Jiménez
|
0-0: Swinging Strike 0-1: Fly out, F5 (Popup, 5D)
|
Batting: RHB Luther Stoffels
|
0-0: Called Strike 0-1: Swinging Strike 0-2: Ball 1-2: SINGLE (Groundball, 56D)
|
Batting: LHB Jake Wells
|
0-0: Called Strike 0-1: Ball 1-1: Ball 2-1: Called Strike 2-2: Foul Ball, location: 2F 2-2: Ball 3-2: Base on Balls Luther Stoffels to second
|
Batting: RHB Kenny Cole
|
0-0: Ball Jake Wells steals 2nd base Luther Stoffels to third 1-0: Called Strike 1-1: Ground out 6-3 (Groundball, 6) Luther Stoffels scores
|
Batting: RHB Ramiro Gámez
|
0-0: Ball 1-0: Called Strike 1-1: Ground out 6-3 (Groundball, 6M)
|
Top of the 4th over - 1 run(s), 1 hit(s), 0 error(s), 1 left on base; Key West 3 - BlackIron 3 |
BOTTOM OF THE 4TH |
BlackIron Dragons batting - Pitching for Key West Barracudas : LHP Lynn White
|
Batting: RHB Eugene Payne
|
0-0: Ground out 6-3 (Groundball, 6M)
|
Batting: SHB Rick Turner
|
0-0: Called Strike 0-1: SINGLE (Line Drive, 4MD)
|
Batting: LHB Donnie Cunningham
|
0-0: Ball 1-0: Ball 2-0: Ball 3-0: Called Strike 3-1: Swinging Strike 3-2: Foul Ball, location: 2F 3-2: Foul Ball, location: 2F 3-2: Base on Balls Rick Turner to second
|
Batting: RHB Alfredo Rangel
|
0-0: Called Strike 0-1: Fly out, F7 (Flyball, 7M)
|
Batting: RHB Gil Palmer
|
0-0: Called Strike 0-1: Swinging Strike 0-2: Fly out, F4 (Popup, 4M)
|
Bottom of the 4th over - 0 run(s), 1 hit(s), 0 error(s), 2 left on base; Key West 3 - BlackIron 3 |
TOP OF THE 5TH |
Key West Barracudas batting - Pitching for BlackIron Dragons : RHP Bill McKinney
|
Batting: LHB Motoki Hirata
|
0-0: Hit by Pitch
|
Batting: RHB Júlio Cruz
|
0-0: Ball 1-0: Called Strike 1-1: Foul Ball, location: 2F 1-2: Ball 2-2: Grounds into double play, 6-4-3 (Groundball, 6M)
|
Batting: RHB Zander Tremblett
|
0-0: Swinging Strike 0-1: Ground out 5-3 (Groundball, 56)
|
Top of the 5th over - 0 run(s), 0 hit(s), 0 error(s), 0 left on base; Key West 3 - BlackIron 3 |
BOTTOM OF THE 5TH |
BlackIron Dragons batting - Pitching for Key West Barracudas : LHP Lynn White
|
Batting: RHB Joaquín Rosales
|
0-0: DOUBLE (Line Drive, 9LS)
|
Batting: RHB José Colón
|
0-0: Foul Ball, location: 2F 0-1: Ball 1-1: Ball 2-1: Swinging Strike 2-2: Ball 3-2: Fly out, F1 (Line Drive, 15)
|
Pitching: RHP Steven O'Brien
|
|
Batting: RHB Leroy Jamison
|
0-0: Ball 1-0: Ball 2-0: Called Strike 2-1: Ground out 6-3 (Groundball, 6)
|
Batting: RHB Edgardo Carrasco
|
0-0: Called Strike 0-1: Fly out, F8 (Flyball, 8LS)
|
Bottom of the 5th over - 0 run(s), 1 hit(s), 0 error(s), 1 left on base; Key West 3 - BlackIron 3 |
TOP OF THE 6TH |
Key West Barracudas batting - Pitching for BlackIron Dragons : RHP Bill McKinney
|
Batting: RHB Carlos Miranda
|
0-0: SINGLE (Groundball, 6MD)
|
Batting: SHB Héctor Jiménez
|
0-0: Called Strike 0-1: SINGLE (Groundball, 5D) Carlos Miranda to second
|
Batting: RHB Luther Stoffels
|
0-0: Called Strike 0-1: Foul Ball, location: 2F 0-2: Ball 1-2: Ball 2-2: Grounds into double play, 6-4-3 (Groundball, 6) Carlos Miranda to third
|
Pitching: RHP Luis Canseco
|
|
Batting: LHB Jake Wells
|
0-0: Ball 1-0: SINGLE (Groundball, 4MD) Carlos Miranda scores
|
Batting: RHB Kenny Cole
|
0-0: Called Strike 0-1: Ground out 2-3 (Groundball, 2L)
|
Top of the 6th over - 1 run(s), 3 hit(s), 0 error(s), 1 left on base; Key West 4 - BlackIron 3 |
BOTTOM OF THE 6TH |
BlackIron Dragons batting - Pitching for Key West Barracudas : RHP Steven O'Brien
|
Batting: RHB Eugene Payne
|
0-0: Ball 1-0: Swinging Strike 1-1: Foul Ball, location: 2F 1-2: Strikes out looking
|
Batting: SHB Rick Turner
|
0-0: Foul Ball, location: 2F 0-1: Ball 1-1: Ball 2-1: Foul Ball, location: 2F 2-2: Strikes out swinging
|
Batting: LHB Donnie Cunningham
|
0-0: Called Strike 0-1: Ball 1-1: SINGLE (Groundball, 56D)
|
Batting: RHB Alfredo Rangel
|
0-0: Foul Ball, location: 2F 0-1: Ball 1-1: Called Strike 1-2: Strikes out looking
|
Bottom of the 6th over - 0 run(s), 1 hit(s), 0 error(s), 1 left on base; Key West 4 - BlackIron 3 |
TOP OF THE 7TH |
Key West Barracudas batting - Pitching for BlackIron Dragons : RHP Luis Canseco
|
Batting: RHB Ramiro Gámez
|
0-0: Swinging Strike 0-1: Ball 1-1: Ball 2-1: Swinging Strike 2-2: Strikes out swinging
|
Batting: LHB Motoki Hirata
|
0-0: Ball 1-0: Called Strike 1-1: Ball 2-1: Foul Ball, location: 2F 2-2: Ball 3-2: Strikes out looking
|
Batting: RHB Júlio Cruz
|
0-0: Swinging Strike 0-1: Ball 1-1: Ball 2-1: Foul Ball, location: 2F 2-2: Ball 3-2: Foul Ball, location: 2F 3-2: Strikes out swinging
|
Top of the 7th over - 0 run(s), 0 hit(s), 0 error(s), 0 left on base; Key West 4 - BlackIron 3 |
BOTTOM OF THE 7TH |
BlackIron Dragons batting - Pitching for Key West Barracudas : RHP Steven O'Brien
|
Batting: RHB Gil Palmer
|
0-0: Ground out 5-3 (Groundball, 5)
|
Pitching: RHP Gerald Núñez
|
|
Batting: RHB Joaquín Rosales
|
0-0: Called Strike 0-1: Swinging Strike 0-2: Fly out, F8 (Flyball, 8RS)
|
Batting: RHB José Colón
|
0-0: Ball 1-0: Called Strike 1-1: Swinging Strike 1-2: Strikes out swinging
|
Bottom of the 7th over - 0 run(s), 0 hit(s), 0 error(s), 0 left on base; Key West 4 - BlackIron 3 |
TOP OF THE 8TH |
Key West Barracudas batting - Pitching for BlackIron Dragons : RHP Luis Canseco
|
Batting: RHB Zander Tremblett
|
0-0: Ball 1-0: Called Strike 1-1: Ball 2-1: Ball 3-1: Base on Balls
|
Pinch Hitting: LHB Arturo López
|
0-0: SINGLE (Line Drive, 9LS) Zander Tremblett to second Runner from 2nd tries for 3rd, SAFE, throw made to third
|
Pinch Hitting: LHB Víctor Acevedo
|
0-0: Called Strike 0-1: Swinging Strike 0-2: Ball 1-2: TRIPLE (Line Drive, 8RXD) Zander Tremblett scores Arturo López scores
|
Batting: RHB Luther Stoffels
|
0-0: Intentional Walk
|
Pitching: RHP Johnathan McJannett
|
|
Batting: LHB Jake Wells
|
0-0: Ball 1-0: Called Strike 1-1: Ball 2-1: Swinging Strike 2-2: Foul Ball, location: 2F 2-2: Ball 3-2: Base on Balls Luther Stoffels to second
|
Batting: RHB Kenny Cole
|
0-0: Ball 1-0: Ball 2-0: Called Strike 2-1: Called Strike 2-2: Ball 3-2: Foul Ball, location: 2F 3-2: Foul Ball, location: 2F 3-2: Base on Balls Víctor Acevedo scores Luther Stoffels to third Jake Wells to second
|
Batting: RHB Ramiro Gámez
|
0-0: Ball 1-0: Called Strike 1-1: Foul Ball, location: 2F 1-2: Strikes out swinging
|
Batting: LHB Motoki Hirata
|
0-0: Ball 1-0: Ball 2-0: Foul Ball, location: 2F 2-1: Ball 3-1: Base on Balls Luther Stoffels scores Jake Wells to third Kenny Cole to second
|
Batting: RHB Júlio Cruz
|
0-0: Ball 1-0: Called Strike 1-1: Ball 2-1: Called Strike 2-2: Strikes out swinging
|
Batting: RHB Zander Tremblett
|
0-0: Ball 1-0: Swinging Strike 1-1: Called Strike 1-2: Strikes out swinging
|
Top of the 8th over - 4 run(s), 2 hit(s), 0 error(s), 3 left on base; Key West 8 - BlackIron 3 |
BOTTOM OF THE 8TH |
BlackIron Dragons batting - Pitching for Key West Barracudas : RHP Gerald Núñez
|
Now at 2B: Richard Sanders
|
|
Now in CF: Víctor Acevedo
|
|
Batting: RHB Leroy Jamison
|
0-0: Fly out, F7 (Line Drive, 7M)
|
Batting: RHB Edgardo Carrasco
|
0-0: Ground out 5-3 (Groundball, 5S)
|
Batting: RHB Eugene Payne
|
0-0: Called Strike 0-1: Foul Ball, location: 2F 0-2: Ball 1-2: Strikes out swinging
|
Bottom of the 8th over - 0 run(s), 0 hit(s), 0 error(s), 0 left on base; Key West 8 - BlackIron 3 |
TOP OF THE 9TH |
Key West Barracudas batting - Pitching for BlackIron Dragons : RHP Johnathan McJannett
|
Batting: RHB Richard Sanders
|
0-0: Called Strike 0-1: Ball 1-1: Ball 2-1: Swinging Strike 2-2: Strikes out swinging
|
Batting: LHB Víctor Acevedo
|
0-0: SOLO HOME RUN (Flyball, 8RXD), Distance : 427 ft
|
Pitching: LHP Frederick Cesti
|
|
Batting: RHB Luther Stoffels
|
0-0: Ball 1-0: Ball 2-0: Ball 3-0: Base on Balls
|
Batting: LHB Jake Wells
|
0-0: Ball Luther Stoffels steals 2nd base 1-0: Ball 2-0: Called Strike 2-1: Ball 3-1: Base on Balls
|
Batting: RHB Kenny Cole
|
0-0: Called Strike 0-1: Called Strike 0-2: Foul Ball, location: 2F 0-2: Strikes out swinging
|
Batting: RHB Ramiro Gámez
|
0-0: Ball 1-0: Swinging Strike 1-1: Foul Ball, location: 2F 1-2: Strikes out swinging
|
Top of the 9th over - 1 run(s), 1 hit(s), 0 error(s), 2 left on base; Key West 9 - BlackIron 3 |
BOTTOM OF THE 9TH |
BlackIron Dragons batting - Pitching for Key West Barracudas : RHP Gerald Núñez
|
Batting: SHB Rick Turner
|
0-0: Foul Ball, location: 2F 0-1: Foul Ball, location: 2F 0-2: Ball 1-2: Fly out, F7 (Flyball, 7LD)
|
Batting: LHB Donnie Cunningham
|
0-0: Called Strike 0-1: SINGLE (Groundball, 56D) (infield hit)
|
Batting: RHB Alfredo Rangel
|
0-0: Called Strike 0-1: Foul Ball, location: 2F 0-2: SINGLE (Groundball, 4MD) (infield hit) Donnie Cunningham to second
|
Batting: RHB Gil Palmer
|
0-0: Ball 1-0: Hit by Pitch Donnie Cunningham to third Alfredo Rangel to second
|
Batting: RHB Joaquín Rosales
|
0-0: Foul Ball, location: 2F 0-1: Swinging Strike 0-2: Fly out, F5 (Popup, 15)
|
Batting: RHB José Colón
|
0-0: Called Strike 0-1: Swinging Strike 0-2: Strikes out looking
|
Bottom of the 9th over - 0 run(s), 2 hit(s), 0 error(s), 3 left on base; Key West 9 - BlackIron 3 |
|